 Dungeon Crawl Stone Soup version 0.26.0-18-gc5c842f807 (webtiles) character file.

Game seed: 11045736609297685975

46 kaeus the Skirmisher (level 3, -1/29 HPs)
             Began as a Demonspawn Fighter on Jan 22, 2021.
             Was a Follower of Kikubaaqudgha.
             Slain by Natasha (7 damage)
             ... on level 2 of the Dungeon.
             The game lasted 00:00:59 (1509 turns).

kaeus the Skirmisher (Demonspawn Fighter)           Turns: 1509, Time: 00:01:00

Health: -1/29      AC:  6    Str: 17    XL:     3   Next: 46%
Magic:  3/3        EV:  7    Int:  9    God:    Kikubaaqudgha [*.....]
Gold:   87         SH:  9    Dex: 12    Spells: 2/2 levels left

rFire    . . .     SeeInvis .   a - +0 war axe
rCold    . . .     Faith    .   c - +0 kite shield
rNeg     . . .     Spirit   .   b - +0 scale mail
rPois    .         Reflect  .   (no helmet)
rElec    .         Harm     .   (no cloak)
rCorr    .         Rampage  .   (no gloves)
Will     .....                  (no boots)
Stlth    ..........             (no amulet)
HPRegen  0.09/turn              (no ring)
MPRegen  0.08/turn              (no ring)

@: no status effects
A: demonic guardian 1
a: Renounce Religion, Receive Corpses


You were on level 2 of the Dungeon.
You worshipped Kikubaaqudgha.
Kikubaaqudgha was aware of your devotion.
You visited 1 branch of the dungeon, and saw 2 of its levels.

You collected 87 gold pieces.

Inventory:

Hand Weapons
 a - a +0 war axe (weapon)
Armour
 b - a +0 scale mail (worn)
 c - a +0 kite shield (worn)
Jewellery
 l - a cursed -4 ring of slaying {unknown}
Scrolls
 e - a scroll of blinking {unknown}
 g - 2 scrolls of teleportation {unknown}
 h - 3 scrolls of remove curse {unknown}
 i - 2 scrolls of identify {unknown}
 j - a scroll of fog {unknown}
 k - a scroll of enchant weapon {unknown}
 m - a scroll of noise {unknown}
Potions
 d - a potion of might
 f - 3 potions of heal wounds {unknown}


   Skills:
 + Level 3.4 Fighting
 + Level 2.3 Axes
 + Level 3.0 Armour
 + Level 3.1 Shields


You had 2 spell levels left.
You didn't know any spells.
Your spell library contained the following spells:

 Spells                   Type           Power        Failure   Level
 Pain                     Necr           0%           99%         1
 Corpse Rot               Necr/Air       N/A          100%        2
 Sublimation of Blood     Necr           0%           100%        2
 Vampiric Draining        Necr           0%           100%        3


Dungeon Overview and Level Annotations

Branches:
Dungeon (2/15)

Altars:
Kikubaaqudgha

Annotations:
D:2 Natasha


Innate Abilities, Weirdness & Mutations

A weak demonic guardian rushes to your aid.


Message History

There are monsters nearby!
You are too injured to fight recklessly!
There are monsters nearby!
You are too injured to fight recklessly!
There are monsters nearby!
You are too injured to fight recklessly!
There are monsters nearby!
You are too injured to fight recklessly!
There are monsters nearby!
You are too injured to fight recklessly!
You hit Natasha.
Natasha is severely wounded.
You barely miss the giant cockroach. You closely miss the shadow imp.
Natasha casts a spell at you. You resist with significant effort.
The giant cockroach closely misses you.
The shadow imp grinds its teeth.
The shadow imp barely misses you. You block the giant cockroach's attack.
Natasha claws you!
You die...
Kikubaaqudgha rasps: "You have failed me!
Welcome... death!"

...#.##### .........#
.........# ####
##.#.>#### #...##
##....### #.....#
.)......## .......
#####.#..# .......
#..#.########B5.....
##.#.......5@h.....#
######....#######5......
..........### .......
########....# .......
#.##.#### #.....#
#.......# #...##
###.###.# #### #.###.#
#...#.#


You could see Natasha (fast), a crimson imp (summoned), a shadow imp (summoned),
a giant cockroach and a friendly shadow imp (summoned).

Vanquished Creatures
  2 dart slugs (D:1)
  A leopard gecko (D:1)
  5 goblins
  4 hobgoblins (D:1)
  5 kobolds
  A quokka (D:2)
  2 bats
  3 frilled lizards
  3 rats
26 creatures vanquished.

Vanquished Creatures (collateral kills)
  Natasha (D:2)
1 creature vanquished.

Grand Total: 27 creatures vanquished

Notes
Turn   | Place    | Note
-------+----------+-------------------------------------------
     0 | D:1      | kaeus the Demonspawn Fighter began the quest for the Orb.
     0 | D:1      | Reached XP level 1. HP: 18/18 MP: 1/1
   264 | D:1      | Gained mutation: A weak demonic guardian rushes to your
                  | aid. [demonic ancestry]
   264 | D:1      | Reached XP level 2. HP: 20/24 MP: 2/2
  1259 | D:2      | Reached XP level 3. HP: 29/29 MP: 3/3
  1373 | D:2      | Found a faded altar of an unknown god.
  1390 | D:2      | Became a worshipper of Kikubaaqudgha
  1390 | D:2      | Reached * piety under Kikubaaqudgha
  1390 | D:2      | Identified Kikubaaqudgha's Volume of Dark Secrets
                  | (Kikubaaqudgha gifted it to you on level 2 of the Dungeon)
  1390 | D:2      | Received a gift from Kikubaaqudgha
  1461 | D:2      | Noticed Natasha
  1466 | D:2      | Killed Natasha
  1500 | D:2      | Noticed Natasha
  1509 | D:2      | Slain by Natasha

Illustrated notes

Levels and vault maps discovered:
D:1:      amcnicky_arrival_flooded_fountain, layout_basic
D:2:      layout_rooms, chequers_temple_overflow_statue_of_worship,
          chequers_ecumenical_altar_simple_redux, uniq_natasha

Skill      XL: |  1  2 |
---------------+-------+-----
Axes           | 2 |  2.3
Shields        | 3 |  3.1
Armour         | 3 |  3.0
Fighting       | |  3.4

Action                   || total
-------------------------++-------
Melee: War axe           ||   107
Armor: Scale mail        ||    40
Dodge: Dodged            ||    37
Block: Kite shield       ||    58
